 Dungeon Crawl Stone Soup version 0.29-a0-23-ga79f92ac9c (webtiles) character file.

Game seed: 4670856871028756139

2753 Gargoyl the Fighter (level 9, 0/74 HPs)
             Began as a Gnoll Abyssal Knight on Jan 30, 2022.
             Was an Elder of Lugonu.
             Slain by an orc warrior (4 damage)
             ... on level 7 of the Dungeon.
             The game lasted 00:15:24 (10245 turns).

Gargoyl the Fighter (Gnoll Abyssal Knight)         Turns: 10245, Time: 00:15:25

Health: 0/74       AC: 11    Str: 16    XL:     9   Next: 68%
Magic:  15/15      EV:  9    Int: 10    God:    Lugonu [****..]
Gold:   302        SH:  0    Dex: 19    Spells: 17/17 levels left

rFire   . . .      SeeInvis .   r - +2 dagger (venom)
rCold   . . .      Faith    .   (no shield)
rNeg    . . .      Spirit   .   g - +0 chain mail
rPois   +          Reflect  .   b - +0 helmet
rElec   .          Harm     .   (no cloak)
rCorr   .          Rampage  .   (no gloves)
Will    .....                   (no boots)
Stlth   ..........              i - amulet of magic regeneration
HPRegen 0.22/turn               u - +6 ring of dexterity
MPRegen 0.54/turn               o - ring of poison resistance

@: no status effects
A: fangs 1, strong nose, distributed training
a: Renounce Religion, Depart the Abyss, Bend Space, Banish, Corrupt


You were on level 7 of the Dungeon.
You worshipped Lugonu.
Lugonu was greatly pleased with you.
You visited 1 branch of the dungeon, and saw 7 of its levels.
You visited the Abyss 1 time.
You also visited: Sewer.

You collected 356 gold pieces.
You spent 54 gold pieces at shops.

Inventory:

Hand Weapons
 a - a +4 hand axe
 c - a +3 dagger of electrocution
 r - a +2 dagger of venom (weapon)
Armour
 b - a +0 helmet (worn)
 g - a +0 chain mail (worn)
Jewellery
 i - an amulet of magic regeneration (around neck)
 j - a ring of resist corrosion
 l - a +4 ring of evasion
 o - a ring of poison resistance (right hand)
 u - a +6 ring of dexterity (left hand)
Wands
 d - a wand of polymorph (15)
Scrolls
 e - 2 scrolls of teleportation
 f - 2 scrolls of fear
 h - 2 scrolls of identify
 k - 2 scrolls of blinking
 s - a scroll of magic mapping
Potions
 m - 3 potions of brilliance
 n - a potion of curing
 p - a potion of cancellation
 q - a potion of magic
 t - a potion of berserk rage


   Skills:
 + Level 8.0 Fighting
 + Level 4.5 Short Blades
 + Level 4.5 Long Blades
 + Level 6.5 Axes
 + Level 4.5 Maces & Flails
 + Level 4.5 Polearms
 + Level 4.5 Staves
 + Level 4.5 Slings
 + Level 4.5 Bows
 + Level 4.5 Crossbows
 + Level 4.5 Throwing
 + Level 6.5 Armour
 + Level 5.2 Dodging
 + Level 4.5 Stealth
 + Level 4.5 Shields
 + Level 4.5 Unarmed Combat
 + Level 4.5 Spellcasting
 + Level 3.7 Conjurations
 + Level 3.7 Hexes
 + Level 3.7 Summonings
 + Level 3.7 Necromancy
 + Level 3.7 Translocations
 + Level 3.7 Transmutations
 + Level 3.7 Fire Magic
 + Level 3.7 Ice Magic
 + Level 3.7 Air Magic
 + Level 3.7 Earth Magic
 + Level 3.7 Poison Magic
 + Level 6.8 Invocations
 + Level 4.5 Evocations


You had 17 spell levels left.
You didn't know any spells.
Your spell library contained the following spells:

 Spells                   Type           Power      Damage    Failure   Level
 Animate Skeleton         Necr           18%        N/A       56%         1
 Apportation              Tloc           18%        N/A       56%         1
 Summon Small Mammal      Summ           36%        N/A       56%         1


Dungeon Overview and Level Annotations

Branches:
Dungeon (7/15)             Temple (0/1) D:5           Sewer (visited)

Altars:
Cheibriados
Dithmenos
Elyvilon
Fedhas
Kikubaaqudgha
Makhleb
Qazlal
Ru
Sif Muna
Uskayaw
Wu Jian

Shops:
D:2 [   D:6 =


Innate Abilities, Weirdness & Mutations

You have very sharp teeth.
Your uncanny sense of smell can sniff out nearby items.
Your experience applies equally to all skills.


Message History

* * * LOW HITPOINT WARNING * * *
The killer bee zombie hits you but does no damage.
You climb upwards.
There is a stone staircase leading down here.
You start resting.
HP restored.
There is a stone staircase leading down here.
You climb downwards.
The orc warrior shouts!
The orc wizard shouts!
You hear a shout!
An ogre comes into view. It is wielding a +0 giant spiked club.
The orc wizard gestures at you while chanting.
You are confused.
The orc warrior hits you with a +0 hand axe!
The orc wizard barely misses you.
The ogre moves out of view.
There is a stone staircase leading up, spattered with blood here.
Unknown command.
The ogre closely misses you. The orc warrior barely misses you.
The orc wizard gestures at you while chanting.
You easily resist.
In your confused state, you trip and fall back down the stairs.
The ogre hits you with a +0 giant club!
The orc wizard hits you but does no damage.
The orc warrior hits you but does no damage.
The ogre hits you with a +0 giant club!
The orc warrior hits you with a +0 hand axe!
The orc wizard casts a spell.
The orc wizard flickers and vanishes!
Deactivating autopickup; reactivate with Ctrl-A.
In your confused state, you trip and fall back down the stairs.
The orc warrior hits you but does no damage.
You hear some strange, mumbled words.
A puff of flame appears from out of thin air!
The puff of flame hits you.
Unknown command.
You are too confused!
You feel less confused.
The ogre hits you with a +0 giant club!!
* * * LOW HITPOINT WARNING * * *
The orc warrior hits you with a +0 hand axe.
You die...

#....# ...#....# #...#....#
+...#....#
#..##....########
###..###'#.........
........#........'.........
........#O{......#....(....
........#.@o.....#.........
........#........#...(.....
.....e..#........#.........
........####O##.##.........
#(......#.##.#..........
#...5...#....#......)...
#.......#....#......<[..
#.......#....#..........
#.....Z.)....#........D.


You could see an orc warrior and 2 ogres.

Vanquished Creatures
  Sigmund (D:4)
  Eustachio (D:5)
  A wyvern (D:5)
  Menkaure (D:4)
  Duvessa (D:7)
  An orc warrior (D:5)
  An ice beast (D:6)
  A black bear (D:6)
  2 necrophages
  An ogre (D:5)
  A centaur (D:7)
  4 scorpions
  2 bullfrogs (Sewer)
  A wyvern skeleton (D:6)
  Dowan (D:6)
  A water moccasin skeleton (D:5)
  A killer bee (D:6)
  A bullfrog zombie (D:5)
  A centaur zombie (D:6)
  5 hounds
  An orc priest (D:6)
  A centaur skeleton (D:4)
  2 iguanas
  Natasha (twice) (D:3)
  5 orc wizards
  A hound zombie (D:5)
  9 gnolls
  11 adders
  9 river rats (Sewer)
  2 white imps
  2 adder skeletons (D:4)
  A worm (D:3)
  4 dart slugs
  17 orcs
  6 bats
  9 endoplasms
  3 giant cockroaches
  11 hobgoblins
  3 jackals (D:3)
  A quokka (D:1)
  22 ball pythons
  6 frilled lizards
  7 goblins
  8 kobolds
  19 rats
191 creatures vanquished.

Notes
Turn   | Place    | Note
-------+----------+-------------------------------------------
     0 | Abyss:1  | Gargoyl the Gnoll Abyssal Knight began the quest for the
                  | Orb.
     0 | Abyss:1  | Reached XP level 1. HP: 23/23 MP: 3/3
    19 | D:1      | Escaped the Abyss
   219 | D:1      | Reached XP level 2. HP: 15/29 MP: 5/5
   225 | D:1      | Reached * piety under Lugonu
   235 | D:1      | Found a faded altar of an unknown god.
   900 | D:1      | Reached XP level 3. HP: 35/35 MP: 6/6
  1468 | D:2      | Found Gufuquav's Armour Emporium.
  1481 | D:2      | Bought a +0 chain mail for 54 gold pieces
  1573 | D:2      | Reached skill level 1 in Short Blades
  1573 | D:2      | Reached skill level 1 in Long Blades
  1573 | D:2      | Reached skill level 1 in Maces & Flails
  1573 | D:2      | Reached skill level 1 in Polearms
  1573 | D:2      | Reached skill level 1 in Staves
  1573 | D:2      | Reached skill level 1 in Slings
  1573 | D:2      | Reached skill level 1 in Bows
  1573 | D:2      | Reached skill level 1 in Crossbows
  1573 | D:2      | Reached skill level 1 in Throwing
  1573 | D:2      | Reached skill level 1 in Stealth
  1573 | D:2      | Reached skill level 1 in Shields
  1573 | D:2      | Reached skill level 1 in Unarmed Combat
  1573 | D:2      | Reached skill level 1 in Spellcasting
  1573 | D:2      | Reached skill level 1 in Evocations
  1714 | D:2      | Reached XP level 4. HP: 37/41 MP: 7/7
  1840 | D:3      | Found a glowing drain.
  1853 | Sewer    | Entered a sewer
  1891 | Sewer    | Reached skill level 1 in Conjurations
  1891 | Sewer    | Reached skill level 1 in Hexes
  1891 | Sewer    | Reached skill level 1 in Summonings
  1891 | Sewer    | Reached skill level 1 in Necromancy
  1891 | Sewer    | Reached skill level 1 in Translocations
  1891 | Sewer    | Reached skill level 1 in Transmutations
  1891 | Sewer    | Reached skill level 1 in Fire Magic
  1891 | Sewer    | Reached skill level 1 in Ice Magic
  1891 | Sewer    | Reached skill level 1 in Air Magic
  1891 | Sewer    | Reached skill level 1 in Earth Magic
  1891 | Sewer    | Reached skill level 1 in Poison Magic
  2071 | Sewer    | Reached ** piety under Lugonu
  2072 | Sewer    | Reached XP level 5. HP: 11/47 MP: 8/8
  3189 | Sewer    | Reached skill level 5 in Invocations
  3189 | Sewer    | Reached XP level 6. HP: 22/53 MP: 9/9
  3200 | Sewer    | Reached skill level 5 in Axes
  3200 | Sewer    | Reached skill level 5 in Armour
  4115 | D:3      | Noticed Natasha
  4128 | D:3      | Killed Natasha
  4310 | D:3      | Reached XP level 7. HP: 51/59 MP: 10/10
  4528 | D:3      | Noticed Natasha
  4538 | D:3      | Killed Natasha
  4740 | D:4      | Reached *** piety under Lugonu
  4773 | D:4      | Reached skill level 7 in Fighting
  4872 | D:4      | Noticed Sigmund
  4913 | D:4      | Killed Sigmund
  4973 | D:4      | Noticed Menkaure
  4995 | D:4      | HP: 4/90 [Menkaure (17)]
  4998 | D:4      | Killed Menkaure
  5435 | D:4      | Found a stormy altar of Qazlal.
  5436 | D:4      | Found a white marble altar of Elyvilon.
  5437 | D:4      | Found an ancient bone altar of Kikubaaqudgha.
  5455 | D:4      | Found a snail-covered altar of Cheibriados.
  5585 | D:4      | Found a burning altar of Makhleb.
  5613 | D:4      | Reached XP level 8. HP: 50/67 MP: 12/12
  5862 | D:4      | Found an ornate altar of the Wu Jian Council.
  6064 | D:4      | Found a shadowy altar of Dithmenos.
  6115 | D:5      | Entered Level 5 of the Dungeon
  6294 | D:5      | Noticed Eustachio
  6313 | D:5      | Killed Eustachio
  6915 | D:5      | Found a staircase to the Ecumenical Temple.
  7307 | D:5      | Noticed a wyvern
  7316 | D:5      | Killed a wyvern
  7317 | D:5      | Reached XP level 9. HP: 27/72 MP: 14/14
  8006 | D:6      | Reached **** piety under Lugonu
  8068 | D:6      | Found Abruacza's Jewellery Emporium.
  8325 | D:6      | Reached skill level 5 in Dodging
  8613 | D:6      | Found a shimmering blue altar of Sif Muna.
  8802 | D:6      | Found a blossoming altar of Fedhas.
  8921 | D:6      | Found a hide-covered altar of Uskayaw.
  8926 | D:6      | Found a sacrificial altar of Ru.
  9310 | D:7      | Noticed Duvessa
  9312 | D:7      | Noticed Dowan
  9329 | D:7      | Killed Duvessa
  9330 | D:7      | Reached skill level 8 in Fighting
  9589 | D:7      | Noticed a centaur warrior
  9695 | D:6      | Killed Dowan
  9912 | D:7      | Noticed a glowing shapeshifter
  9912 | D:7      | a centaur warrior changed into a glowing shapeshifter
  9913 | D:7      | Noticed a moth of wrath
  9913 | D:7      | a glowing shapeshifter changed into a moth of wrath
  9919 | D:7      | Noticed an elephant
  9919 | D:7      | a moth of wrath changed into an elephant
  9921 | D:7      | Noticed a radroach
  9921 | D:7      | an elephant changed into a radroach
  9925 | D:7      | a radroach changed into something unseen
  9926 | D:7      | Noticed a death yak
  9928 | D:7      | Noticed a four-headed hydra
  9928 | D:7      | a death yak changed into a four-headed hydra
 10245 | D:7      | Slain by an orc warrior

Illustrated notes

Levels and vault maps discovered:
D:1:      dpeg_arrival_simpleton_b, layout_basic, ebering_ecumenical_altar_box,
          minmay_fountain_box
D:2:      layout_rooms, serial_shops, nicolae_shop_competitors_out_of_business
D:3:      layout_basic, cheibrodos_sewer_entry_drain,
          nicolae_figureground_pulse, uniq_natasha
D:4:      layout_cave_pools, nicolae_wu_jian_immortal_techniques,
          marbit_many_paths, mainiacjoe_overflow_brackets,
          chequers_temple_overflow_statue_of_worship, serial_column_ruins,
          column_ruins_courtyard_long, column_ruins_open_medium,
          column_ruins_columns_plus, column_ruins_corridor_straight,
          column_ruins_grid_1, column_ruins_open_tiny_water,
          column_ruins_open_tiny, serial_bayou_pond_d, uniq_menkaure,
          uniq_sigmund
D:5:      layout_loops_ring, minmay_temple_entry_arrows, hangedman_glass_teeth,
          uniq_eustachio
D:6:      layout_loops_ring, minmay_overflow_temple_star_quad,
          lemuel_blue_sif_altar, serial_shops, shop
D:7:      nzn_winding_woodlands_small [nzn_winding_woodlands_5x15_parted,
          nzn_winding_woodlands_center_diamonds,
          nzn_winding_woodlands_5x15_sawtooth], layout_gridville, uniq_duvessa

Skill      XL: |  1  2  3  4  5  6  7  8  9 |
---------------+----------------------------+-----
Short Blades   | 1 2 3 4 |  4.5
Long Blades    | 1 2 3 4 |  4.5
Maces & Flails | 1 2 3 4 |  4.5
Polearms       | 1 2 3 4 |  4.5
Staves         | 1 2 3 4 |  4.5
Slings         | 1 2 3 4 |  4.5
Bows           | 1 2 3 4 |  4.5
Crossbows      | 1 2 3 4 |  4.5
Throwing       | 1 2 3 4 |  4.5
Stealth        | 1 2 3 4 |  4.5
Shields        | 1 2 3 4 |  4.5
Unarmed Combat | 1 2 3 4 |  4.5
Spellcasting   | 1 2 3 4 |  4.5
Evocations     | 1 2 3 4 |  4.5
Conjurations   | 1 2 3 |  3.7
Hexes          | 1 2 3 |  3.7
Summonings     | 1 2 3 |  3.7
Necromancy     | 1 2 3 |  3.7
Translocations | 1 2 3 |  3.7
Transmutations | 1 2 3 |  3.7
Fire Magic     | 1 2 3 |  3.7
Ice Magic      | 1 2 3 |  3.7
Air Magic      | 1 2 3 |  3.7
Earth Magic    | 1 2 3 |  3.7
Poison Magic   | 1 2 3 |  3.7
Dodging        | 3 4 5 |  5.2
Invocations    | 5 6 |  6.8
Axes           | 5 6 |  6.5
Armour         | 5 6 |  6.5
Fighting       | 7 8 |  8.0

Action                   |  1- 3 |  4- 6 |  7- 9 || total
-------------------------+-------+-------+-------++-------
Melee: Hand axe          |   114 |   133 |    55 ||   302
       Bite              |     5 |    16 |    62 ||    83
       Punch             |     4 |     4 |    16 ||    24
       Dagger            |       |    48 |   401 ||   449
Invok: Depart the Abyss  |     1 |       |       ||     1
Evoke: Wand              |       |       |     1 ||     1
  Use: Scroll            |     3 |     4 |    10 ||    17
       Potion            |       |     2 |     5 ||     7
 Stab: Sleeping          |     1 |       |       ||     1
Armor: Leather armour    |    24 |       |       ||    24
       Chain mail        |    23 |   147 |   261 ||   431
       Skin              |       |    41 |    42 ||    83
Dodge: Dodged            |    72 |    80 |   233 ||   385

Table legend: (Time is in decaauts)
 A = Elapsed time spent in this place.
 B = Non-inter-level travel time spent in this place.
 C = Inter-level travel time spent in this place.
 D = Time resting spent in this place.
 E = Time spent auto-exploring this place.
 F = Levels seen in this place.
 G = Mean time per level.
                   A        B        C        D        E       F      G
               +--------+--------+--------+--------+--------+-----+--------+
         Total |  10211 |  10059 |    152 |   2448 |   5781 |   9 | 1134.6 |
       Dungeon |   8560 |   8408 |    152 |   1388 |   5465 |   7 | 1222.9 |
         Abyss |     19 |     19 |      0 |      0 |     18 |   1 |   19.0 |
         Sewer |   1632 |   1632 |      0 |   1060 |    298 |   1 | 1632.0 |
               +--------+--------+--------+--------+--------+-----+--------+

Top non-repeatable levels by time:
     D:6: 2235 daAuts
   Sewer: 1632 daAuts
     D:4: 1534 daAuts
     D:5: 1434 daAuts
     D:3: 1311 daAuts
     D:1: 1160 daAuts
     D:2: 656 daAuts
     D:7: 227 daAuts
 Abyss:1: 19 daAuts
